[Event "FIDE WYCC 2016 U18 girls"]
[Site "Khanty Mansiysk"]
[Date "2016.09.22"]
[Round "1.1"]
[White "Khomeriki, Nino"]
[Black "Wu, Min"]
[Result "1/2-1/2"]
[ECO "A07"]
[WhiteElo "2357"]
[BlackElo "1996"]
[Annotator "Reinhold Goldau"]
[PlyCount "145"]
[EventDate "2016.09.??"]
[EventType "swiss"]
[EventRounds "11"]
[EventCountry "RUS"]
[SourceTitle "Youth Database"]
[Source "CBase R.Goldau"]
[SourceDate "2000.03.01"]
[TimeControl "40/5400+30:1800+30"]

1. Nf3 d5 2. g3 Nf6 3. Bg2 Bf5 4. c4 e6 5. Qb3 Na6 6. d3 Nc5 7. Qc2 h6 8. O-O Be7 9. b4 Ncd7 10.
cxd5 Nxd5 11. Bb2 N7f6 12. e4 Nxb4 13. Qa4+ b5 14. Qxb5+ c6 15. Qa4 Bg4 16. Bc3 Qb6 17. Na3 Qa6 18. Qxa6 Nxa6 19. Nc4 O-O 20. Nfe5 Bb4 21. Rfc1 Be2 22. Nxc6 Bc5 23. N4e5 Rac8 24. Bf1 Bxf1 25. Kxf1 Rfe8 26. Ke2 h5 27. Rab1 Ng4 28. Nxg4 hxg4 29. Ne5 f5 30. Nc4 Red8 31. Be5 Nb4 32. d4 Be7 33. a3 Nc6 34. a4 Nxd4+ 35. Ke3 Bc5 36. Bxd4 Rxd4 37. Ke2 Rxe4+ 38. Ne3 Rc7 39. Rb8+ Kh7 40. Rb5 Bb6 41. Rxc7 Bxc7 42. Rb7 Bb6 43. a5 Bxa5 44. Rxa7 Bb6 45. Ra6 Bc5 46. Rc6 Bxe3 47. fxe3 Kg6 48. Kf2 Kf6 49. Rc5 Ra4 50. Rc2 g5 51. Rb2 Ke5 52. Ke2 Ke4 53. Rc2 e5 54. Rb2 f4 55. gxf4 gxf4 56. exf4 Kxf4 57. Kf2 e4 58. Kg2 Rd4 59. Rf2+ Ke3 60. Kg3 Rd2 61. Rf8 Kd3 62. Rd8+ Ke2 63. Re8 e3 64. Kxg4 Rd4+ 65. Kg3 Rd7 66. h4 Rg7+ 67. Kf4 Kf2 68. h5 e2 69. Kf5 e1=Q 70.
Rxe1 Kxe1 71. h6 Rh7 72. Kg6 Rxh6+ 73. Kxh6
1/2-1/2

[Event "FIDE WYCC 2016 U18 girls"]
[Site "Khanty Mansiysk"]
[Date "2016.09.22"]
[Round "1.2"]
[White "Krasnokutskaya, Sofiya"]
[Black "Tsolakidou, Stavroula"]
[Result "0-1"]
[ECO "B51"]
[WhiteElo "2086"]
[BlackElo "2355"]
[Annotator "Reinhold Goldau"]
[PlyCount "104"]
[EventDate "2016.09.??"]
[EventType "swiss"]
[EventRounds "11"]
[EventCountry "RUS"]
[SourceTitle "Youth Database"]
[Source "CBase R.Goldau"]
[SourceDate "2000.03.01"]
[TimeControl "40/5400+30:1800+30"]

1. e4 c5 2. Nf3 d6 3. Bb5+ Nd7 4. O-O a6 5. Bd3 Ngf6 6. c3 b5 7. Bc2 Bb7 8. Re1 c4 9. b4 e6 10. d3 cxd3 11. Qxd3 Nb6 12. Bg5 Rc8 13. Bb3 Be7 14. Nbd2 O-O 15. Rac1 Rc7 16. Qd4 Nfd7 17. Bxe7 Qxe7 18. c4 Rfc8 19. Rc2 bxc4 20. Nxc4 Nxc4 21. Rxc4 Rxc4 22. Bxc4 Ne5 23. Be2 Rc2 24. Nxe5 dxe5 25. Qxe5 Qxb4 26. Rd1 h6 27. Bf3 Qb6 28. Qb8+ Kh7 29. Qg3 Rxa2 30. e5 Rb2 31. Bxb7 Qxb7 32. Qd3+ g6 33. h3 Rb5 34. Qc3 Rb1 35. Rxb1 Qxb1+ 36. Kh2 Qb5 37. f4 Qa4 38. Kg3 Kg7 39. Qc5 g5 40. fxg5 hxg5 41. Kf2 a5 42. Kg1 Qb4 43. Qe3 Qf4 44. Qc3 a4 45. Kh1 Qe4 46. Qb2 Qe3 47. Qa1 a3 48. Kh2 Qc5 49. Kh1 Qa5 50. Qc1 a2 51. Qa1 Qa4 52. Kh2 Kg6 0-1

[Event "FIDE WYCC 2016 U18 girls"]
[Site "Khanty Mansiysk"]
[Date "2016.09.22"]
[Round "1.3"]
[White "Lingur, Zalina"]
[Black "Unuk, Laura"]
[Result "1-0"]
[ECO "A36"]
[WhiteElo "1986"]
[BlackElo "2332"]
[Annotator "Reinhold Goldau"]
[PlyCount "85"]
[EventDate "2016.09.??"]
[EventType "swiss"]
[EventRounds "11"]
[EventCountry "RUS"]
[SourceTitle "Youth Database"]
[Source "CBase R.Goldau"]
[SourceDate "2000.03.01"]
[TimeControl "40/5400+30:1800+30"]

1. c4 Nf6 2. Nc3 c5 3. e4 Nc6 4. g3 g6 5. Bg2 Bg7 6. Nge2 d6 7. d3 O-O 8. O-O a6 9. h3 Rb8 10. a4 Ne8 11. Be3 Nc7 12. d4 cxd4 13.
Nxd4 Ne6 14. Nde2 Nc5 15. Rb1 Nb4 16. Bd4 Bd7 17. Bxg7 Kxg7 18. Nd4 Qc8 19. Kh2 Ncd3 20. b3 Qc5 21. Nc2 b5 22. Nxb4 Nxb4 23.
axb5 axb5 24. Rc1 bxc4 25. bxc4 Rfc8 26. Nd5 e6 27. Ne3 Nc6 28. Qd2 Nd4 29. Rcd1 e5 30. f4 Rb3 31. fxe5 dxe5 32. Qf2 Qe7 33. Nd5 Qe6 34. Rxd4 exd4 35. Qxd4+ Kh6 36. Qd2+ Kg7 37. Qd4+ Kh6 38. Rf4 f6 39. Rxf6 Qe8 40. Rf4 g5 41. Rf6+ Kh5 42. Nf4+ gxf4 43. Qd5+ 1-0

[Event "FIDE WYCC 2016 U18 girls"]
[Site "Khanty Mansiysk"]
[Date "2016.09.22"]
[Round "1.4"]
[White "Obolentseva, Alexandra"]
[Black "Yakimenko, Anastasia"]
[Result "1-0"]
[ECO "E70"]
[WhiteElo "2331"]
[BlackElo "1983"]
[Annotator "Reinhold Goldau"]
[PlyCount "81"]
[EventDate "2016.09.??"]
[EventType "swiss"]
[EventRounds "11"]
[EventCountry "RUS"]
[SourceTitle "Youth Database"]
[Source "CBase R.Goldau"]
[SourceDate "2000.03.01"]
[TimeControl "40/5400+30:1800+30"]

1. d4 c5 2. d5 d6 3. c4 g6 4. e4 Nf6 5. Nc3 Bg7 6. Nge2 Na6 7. Ng3 Nc7 8.
Be2 b6 9. O-O Ba6 10. Re1 Qd7 11. a4 h5 12. f3 h4 13. Nh1 Nh5 14. Be3 Be5 15. Qd2 O-O 16. f4 Bg7 17. Nf2 Ne8 18. b3 Nhf6 19. e5 Nh7 20.
Bg4 Qd8 21. Nd3 Bc8 22. Qe2 f5 23. Bf3 Rb8 24. Rad1 b5 25.
Nxb5 a6 26. Na7 Rxb3 27. Nc6 Qc7 28. Qc2 Rb6 29. Bd2 Rxc6 30.
dxc6 dxe5 31. fxe5 g5 32. Nxc5 Bxe5 33. Bd5+ e6 34. Bxe6+ Bxe6 35. Nxe6 Bxh2+ 36. Kh1 Qxc6 37. Kxh2 Rf6 38.
Nxg5 Ng7 39. Nxh7 Kxh7 40. Bf4 Nh5 41. Re7+ 1-0

[Event "FIDE WYCC 2016 U18 girls"]
[Site "Khanty Mansiysk"]
[Date "2016.09.24"]
[Round "3.1"]
[White "Gazikova, Veronika"]
[Black "Tsolakidou, Stavroula"]
[Result "0-1"]
[ECO "A47"]
[WhiteElo "2213"]
[BlackElo "2355"]
[Annotator "Reinhold Goldau"]
[PlyCount "78"]
[EventDate "2016.09.??"]
[EventType "swiss"]
[EventRounds "11"]
[EventCountry "RUS"]
[SourceTitle "Youth Database"]
[Source "CBase R.Goldau"]
[SourceDate "2000.03.01"]
[TimeControl "40/5400+30:1800+30"]

1. d4 Nf6 2. Nf3 e6 3. e3 b6 4. Bd3 Bb7 5. Nbd2 c5 6. O-O Be7 7. c3 cxd4 8. exd4 d6 9. Qe2 Nbd7 10. Nc4 O-O 11. Bf4 Qc7 12. h3 Rfe8 13. Bh2 Bf8 14. Rae1 a6 15. Nfd2 b5 16. Ne3 e5 17. dxe5 dxe5 18. Ng4 Qc6 19. f3 Nd5 20. Bf5 Nf4 21. Bxf4 exf4 22. Qd3 Bc5+ 23. Kh1 Nf8 24. Ne4 Be7 25. Qd2 Qc7 26. Nef2 h5 27. Ne5 Bc5 28. Ned3 Be3 29. Qc2 Rad8 30. Be4 Bc8 31. Nb4 Rd2 32. Qb3 Be6 33. Nd5 Qd8 34. Rd1 Rxf2 35. Rxf2 Bxf2 36. Qc2 Ba7 37. Nxf4 Qg5 38. Nxe6 Nxe6 39. Rd7 Qe3 0-1

[Event "FIDE WYCC 2016 U18 girls"]
[Site "Khanty Mansiysk"]
[Date "2016.09.24"]
[Round "3.2"]
[White "Obolentseva, Alexandra"]
[Black "Abdusattorova, Bakhora"]
[Result "1-0"]
[ECO "E08"]
[WhiteElo "2331"]
[BlackElo "2177"]
[Annotator "Reinhold Goldau"]
[PlyCount "71"]
[EventDate "2016.09.??"]
[EventType "swiss"]
[EventRounds "11"]
[EventCountry "RUS"]
[SourceTitle "Youth Database"]
[Source "CBase R.Goldau"]
[SourceDate "2000.03.01"]
[TimeControl "40/5400+30:1800+30"]

1. d4 Nf6 2. c4 e6 3. g3 d5 4. Nf3 Bb4+ 5. Bd2 Be7 6. Bg2 O-O 7. O-O Nbd7 8.
Qc2 Ne4 9. Bf4 c6 10. Rd1 g5 11. Bc1 f5 12. Nc3 b6 13. Ne1 Bb7 14. Nxe4 dxe4 15. f3 c5 16. fxe4 cxd4 17. exf5 Bxg2 18. Kxg2 Rxf5 19. Nf3 Qf8 20. Nxd4 Rf2+ 21. Kg1 Qh6 22. h4 Raf8 23. Be3 R2f7 24. Qe4 Nc5 25. Qg4 Qg7 26. hxg5 h5 27. Qxh5 Qe5 28. Bf4 Rxf4 29. gxf4 Qxf4 30. g6 Qe3+ 31. Kh1 Kg7 32. Qh7+ Kf6 33. Rf1+ Ke5 34. Nf3+ Kd6 35. g7 Rf6 36. Qh2+ {[%emt 0:00:08] Kd5}
1-0

[Event "FIDE WYCC 2016 U18 girls"]
[Site "Khanty Mansiysk"]
[Date "2016.09.24"]
[Round "3.3"]
[White "Ghukasyan, Siranush"]
[Black "Heinemann, Josefine"]
[Result "0-1"]
[ECO "B90"]
[WhiteElo "2106"]
[BlackElo "2242"]
[Annotator "Reinhold Goldau"]
[PlyCount "92"]
[EventDate "2016.09.??"]
[EventType "swiss"]
[EventRounds "11"]
[EventCountry "RUS"]
[SourceTitle "Youth Database"]
[Source "CBase R.Goldau"]
[SourceDate "2000.03.01"]
[TimeControl "40/5400+30:1800+30"]

1. e4 c5 2. Nf3 d6 3. d4 cxd4 4. Nxd4 Nf6 5. Nc3 a6 6. Be3 e5 7. Nf3 Be7 8. Bc4 O-O 9. O-O Qc7 10. Bb3 Be6 11. Nh4 g6 12. Bh6 Re8 13.
Qd2 Ng4 14. Bg5 Bxg5 15. Qxg5 Qd8 16. Qxd8 Rxd8 17. Nd5 Bxd5 18. Bxd5 Nc6 19. Rad1 Rac8 20. c3 Kf8 21. Rd3 Ke7 22. g3 Nf6 23. f4 Nxd5 24. Rxd5 Ke6 25. f5+ Ke7 26. Ng2 Nb8 27. Ne3 Nd7 28. Rd2 Nb6 29. g4 Ke8 30. Kf2 Nc4 31. Nxc4 Rxc4 32. Ke3 d5 33. exd5 Rxg4 34. d6 g5 35. Rff2 f6 36. Rf3 Rh4 37. b3 Kd7 38. Rf1 Rh3+ 39. Ke4 Rxc3 40. Rfd1 Rdc8 41. Rg1 h5 42. Rg3 Rc2 43. Rgd3 Rxd2 44. Rxd2 Rc6 45. Ke3 Rxd6 46. Rc2 Rd4 {[%emt 0:00:24] Kxd4} 0-1

[Event "FIDE WYCC 2016 U18 girls"]
[Site "Khanty Mansiysk"]
[Date "2016.09.24"]
[Round "3.4"]
[White "Khomeriki, Nino"]
[Black "Marjina, Arina"]
[Result "1-0"]
[ECO "E63"]
[WhiteElo "2357"]
[BlackElo "2076"]
[Annotator "Reinhold Goldau"]
[PlyCount "55"]
[EventDate "2016.09.??"]
[EventType "swiss"]
[EventRounds "11"]
[EventCountry "RUS"]
[SourceTitle "Youth Database"]
[Source "CBase R.Goldau"]
[SourceDate "2000.03.01"]
[TimeControl "40/5400+30:1800+30"]

1. d4 Nf6 2. c4 g6 3. Nc3 Bg7 4. Nf3 O-O 5. g3 d6 6. Bg2 Nc6 7. O-O a6 8. Bf4 Rb8 9. Rc1 b5 10. Nd5 bxc4 11. Nxf6+ exf6 12. Rxc4 Ne7 13. b3 Bb7 14. Qc1 Nd5 15. Bd2 Re8 16. e3 Rc8 17. Ba5 Nb6 18. Rc3 Qd7 19. Ne5 Rxe5 20. dxe5 Bxg2 21. Kxg2 Nd5 22. Rd3 Qb5 23. Qc4 Qxa5 24. Rxd5 Qb6 25. exd6 Qb7 26. Rc1 c5 27. d7 Rd8 28. Qxc5 1-0